[Event "Titled Tuesday Blitz May 24 Late 2022"]
[White "Martinez Alcantara, Jose Eduardo"]
[Black "Antipov, Mikhail Al."]
[WhiteFideId "3805662"]
[BlackFideId "4107012"]
[WhiteElo "2690"]
[BlackElo "2512"]
[Result "1/2-1/2"]
[Round "05"]
[TimeControl "180+1"]
[Date "2022.05.24"]
[WhiteClock "0:00:04"]
[BlackClock "0:00:08"]

1. e4 e5 2. Nf3 Nc6 3. Bb5 Nf6 4. O-O Nxe4 5. Re1 Nd6 6. Nxe5 Be7 7. Bf1 Nxe5 8. Rxe5 O-O 9. d4 Bf6 10. Re1 Re8 11. Bf4 Rxe1 12. Qxe1 Ne8 13. Qc3 d5 14. Nd2 c6 15. a4 a5 16. Re1 Bf5 17. Bd3 Bxd3 18. Qxd3 Nc7 19. Nf3 Ne6 20. Be5 Be7 21. c3 Bf8 22. h4 Qd7 23. Qf5 Re8 24. Ng5 g6 25. Qh3 Qc8 26. f4 Nxg5 27. Qxc8 Nf3+ 28. Kf2 Rxc8 29. Kxf3 Re8 30. Re3 f5 31. Bc7 Ra8 32. g4 fxg4+ 33. Kxg4 Kf7 34. f5 Be7 35. fxg6+ hxg6 36. b3 Rh8 37. Rh3 Ra8 38. Rf3+ Ke6 39. Bf4 Rf8 40. Re3+ Kd7 41. Bg5 Ba3 42. Re2 Rf1 43. Kh3 Bd6 44. Kg2 Rb1 45. Rf2 Rxb3 46. Rf7+ Ke8 47. Rf6 Bf8 48. Rxg6 Rxc3 49. h5 Kf7 50. Rf6+ Kg8 51. h6 b5 52. h7+ Kxh7 53. Rxf8 bxa4 54. Ra8 c5 55. Rxa5 Kg6 56. Bf4 cxd4 57. Rxa4 Rc4 58. Ra3 Kf5 59. Bd2 Ke4 60. Kf2 Rc2 61. Ke1 d3 62. Kd1 d4 63. Ra8 Rb2 64. Re8+ Kd5 65. Bc1 Rh2 66. Rd8+ Kc4 67. Rc8+ Kd5 68. Bf4 Rg2 69. Re8 Rf2 70. Bg3 Rg2 71. Bf4 Kc4 72. Rc8+ Kd5 73. Rd8+ Ke4 74. Bc7 Rg1+ 75. Kd2 Rg2+ 76. Kd1 Rg1+ 77. Kd2 Rg2+ 78. Kd1 1/2-1/2


[Site "https://www.chess.com"]

[Event "Titled Tuesday Blitz May 24 Late 2022"]
[White "Medeiros Jr, Francisco De Assis"]
[Black "Skytte, Rasmus"]
[WhiteFideId "2114267"]
[BlackFideId "1404210"]
[WhiteElo "2003"]
[BlackElo "2430"]
[Result "0-1"]
[Round "05"]
[TimeControl "180+1"]
[Date "2022.05.25"]
[WhiteClock "0:00:57"]
[BlackClock "0:01:16"]

1. d4 Nf6 2. c4 c5 3. d5 b5 4. Qc2 Na6 5. a3 bxc4 6. e4 d6 7. Bxc4 Nc7 8. Nf3 g6 9. O-O Bg7 10. Nc3 O-O 11. h3 Nd7 12. Bf4 Ba6 13. b3 Rb8 14. Rab1 Nb5 15. Nxb5 Bxb5 16. Rfe1 Qc7 17. Nd2 Ne5 18. Bxe5 Bxe5 19. Bxb5 Rxb5 20. Nc4 Bd4 21. Kh1 Rfb8 22. f4 a5 23. a4 Rb4 24. Rf1 f6 25. Rf3 Kg7 26. e5 dxe5 27. d6 exd6 28. Rbf1 Rxc4 29. Qxc4 e4 30. Rg3 e3 31. f5 d5 32. Qxd5 Qxg3 33. Qd7+ Kh6 0-1


[Site "https://www.chess.com"]

[Event "Titled Tuesday Blitz May 24 Late 2022"]
[White "Mekhitarian, Krikor Sevag"]
[Black "Stevens, Christian"]
[WhiteFideId "2107660"]
[BlackFideId "2604450"]
[WhiteElo "2598"]
[BlackElo "2553"]
[Result "1-0"]
[Round "05"]
[TimeControl "180+1"]
[Date "2022.05.24"]
[WhiteClock "0:01:46"]
[BlackClock "0:00:02"]

1. d4 Nf6 2. Nf3 d5 3. g3 c6 4. Bg2 Bf5 5. c4 e6 6. Nc3 Nbd7 7. Nh4 Bg4 8. h3 Bh5 9. g4 Ng8 10. gxh5 Qxh4 11. Qb3 Rb8 12. e3 Ngf6 13. Bd2 Bd6 14. Bf3 O-O 15. O-O-O Qxf2 16. Rdf1 Qh4 17. Qc2 Nxh5 18. Rhg1 Ng3 19. Rf2 Nf5 20. Rfg2 g6 21. Kb1 Nf6 22. Qd3 Rfe8 23. e4 dxe4 24. Bxe4 Nxe4 25. Nxe4 Bf4 26. Rg4 Bxd2 27. Rxh4 Nxh4 28. Nf6+ Kg7 29. Nxe8+ Rxe8 30. Qxd2 Nf3 31. Qe3 Nxg1 32. Qxg1 e5 33. d5 cxd5 34. cxd5 e4 35. Qd4+ Kg8 36. d6 e3 37. d7 Rd8 38. Qxe3 Kf8 39. Qc5+ 1-0


[Site "https://www.chess.com"]

[Event "Titled Tuesday Blitz May 24 Late 2022"]
[White "Melikhov, Evgeny V."]
[Black "Joubert, Dantelle"]
[WhiteFideId "4122046"]
[BlackFideId "14310813"]
[WhiteElo "1931"]
[BlackElo "1507"]
[Result "1-0"]
[Round "05"]
[TimeControl "180+1"]
[Date "2022.05.25"]
[WhiteClock "0:01:18"]
[BlackClock "0:00:01"]

1. e4 e5 2. Nf3 Nc6 3. Bb5 Nf6 4. d3 Bc5 5. O-O d6 6. Nc3 h6 7. Bxc6+ bxc6 8. d4 exd4 9. Nxd4 Bd7 10. Nf5 Bxf5 11. exf5 O-O 12. Qf3 d5 13. Bf4 Qd7 14. g4 Rfe8 15. Rae1 Bb4 16. h3 d4 17. Rxe8+ Rxe8 18. Rd1 c5 19. Kg2 Bxc3 20. bxc3 Qa4 21. cxd4 cxd4 22. Qb3 Qxb3 23. axb3 c5 24. Kf3 Nd5 25. Bd6 Nc3 26. Ra1 Re2 27. Bxc5 Rxc2 28. Bxd4 Nb5 29. Be3 1-0


[Site "https://www.chess.com"]

[Event "Titled Tuesday Blitz May 24 Late 2022"]
[White "Melikyan, Gnel"]
[Black "Toncheva, Nadya"]
[WhiteFideId "54109990"]
[BlackFideId "2924056"]
[WhiteElo "1772"]
[BlackElo "1888"]
[Result "0-1"]
[Round "05"]
[TimeControl "180+1"]
[Date "2022.05.25"]
[WhiteClock "0:00:04"]
[BlackClock "0:00:06"]

1. e4 d5 2. exd5 Qxd5 3. Qf3 Qa5 4. Bc4 Nf6 5. Nc3 c6 6. Nge2 Bg4 7. Qg3 e6 8. O-O Nbd7 9. d3 Be7 10. h3 Bh5 11. Re1 b5 12. Bb3 b4 13. Nd1 Bg6 14. Nf4 O-O 15. Ne3 Nb6 16. Nc4 Nxc4 17. Bxc4 b3 18. c3 bxa2 19. Rxa2 Qb6 20. Be3 Qb7 21. Rea1 a5 22. Bd4 Nd5 23. Nxg6 hxg6 24. Be5 Rfd8 25. Qf3 Nb6 26. Bb3 Nd7 27. Ba4 Nxe5 28. Qe4 Qc7 29. d4 Nc4 30. b3 Nd6 31. Qf3 c5 32. Bc6 Ra7 33. dxc5 Nf5 34. b4 Ra6 35. Bb5 Ra7 36. Rxa5 Rxa5 37. Rxa5 Bxc5 38. Ra1 Bb6 39. Bd3 Qe5 40. Rc1 Qf6 41. c4 Qg5 42. Rd1 Nd4 43. Qg4 Qxg4 44. hxg4 Nc6 45. c5 Bc7 46. Kf1 Nxb4 47. Be2 Rxd1+ 48. Bxd1 Nc6 49. f3 Ne7 50. Bb3 Kf8 51. Ke2 Ke8 52. Ba4+ Kd8 53. Kd3 Be5 54. Ke4 f6 55. Bb3 Kd7 56. Ba4+ Kc7 57. Bb3 Kc6 58. Bxe6 Kxc5 59. f4 Bc7 60. g3 Kd6 61. Bf7 Kd7 62. Bb3 f5+ 63. Kf3 Ke8 64. Be6 Bd6 65. Bc4 Nc8 66. Be6 Nb6 67. gxf5 gxf5 68. Bxf5 Ke7 69. Be4 Kf6 70. Bd3 Nc8 71. Ke4 Ne7 72. g4 Bc7 73. g5+ Kf7 74. Bc4+ Kg6 75. Bd3 Kh5 76. Kf3 Nd5 77. Be4 Nxf4 78. Bf5 Kxg5 79. Bd7 Kf6 80. Bc8 Ne6 81. Kg4 g5 82. Bd7 Nf8 83. Bc8 Ng6 84. Kf3 Ne5+ 85. Ke4 Nc6 86. Bd7 Ne5 87. Bc8 Bd8 88. Bh3 Ng6 89. Kf3 Ke5 90. Bd7 Kd4 91. Bc8 Ne7 92. Be6 Ke5 93. Bd7 Nf5 94. Kg4 Ne3+ 95. Kf3 Nd5 96. Bc8 Kf6 97. Bd7 Ne7 98. Bc8 Ng6 99. Kg2 Ne5 100. Kg3 Kg6 101. Be6 Kh5 102. Bf5 g4 103. Be6 Kg5 104. Bc8 Bc7 105. Be6 Ng6+ 106. Kf2 Bb6+ 107. Kf1 g3 108. Bd5 Kf4 109. Kg2 Kg4 110. Be6+ Kh4 111. Bf5 Nf4+ 112. Kf3 g2 113. Kxf4 g1=Q 114. Be4 Qe3+ 115. Kf5 Bd4 116. Bc6 Qe5+ 117. Kg6 Qf6+ 118. Kh7 Qg7# 0-1


[Site "https://www.chess.com"]

[Event "Titled Tuesday Blitz May 24 Late 2022"]
[White "Melkumyan, Hrant"]
[Black "Matinian, Nikita"]
[WhiteFideId "13302485"]
[BlackFideId "24129100"]
[WhiteElo "2604"]
[BlackElo "2422"]
[Result "0-1"]
[Round "05"]
[TimeControl "180+1"]
[Date "2022.05.24"]
[WhiteClock "0:02:12"]
[BlackClock "0:01:39"]

1. c4 e5 2. g3 g6 3. Bg2 Bg7 4. Nc3 Nc6 5. e3 h5 6. h3 d6 7. Nge2 h4 8. g4 f5 9. gxf5 Bxf5 10. d3 Qd7 11. Nd5 Nf6 12. Nec3 O-O 13. Bd2 Bxd3 14. b3 e4 15. Nxf6+ Bxf6 16. Nxe4 Bxa1 17. Qxa1 Qf5 18. Nf6+ Qxf6 19. Bd5+ Kh7 0-1


[Site "https://www.chess.com"]

[Event "Titled Tuesday Blitz May 24 Late 2022"]
[White "Mickiewicz, Piotr"]
[Black "Koniahli, Malek."]
[WhiteFideId "1114891"]
[BlackFideId "7603495"]
[WhiteElo "2223"]
[BlackElo "2097"]
[Result "1-0"]
[Round "05"]
[TimeControl "180+1"]
[Date "2022.05.24"]
[WhiteClock "0:01:16"]
[BlackClock "0:01:44"]

1. e4 c5 2. Nf3 Nc6 3. d4 cxd4 4. Nxd4 Nf6 5. Nc3 d6 6. Bg5 e6 7. Qd2 a6 8. O-O-O h6 9. Be3 Be7 10. f3 Nxd4 11. Bxd4 b5 12. a3 Bb7 13. Kb1 Rc8 14. g4 Qc7 15. h4 Bc6 16. Bh3 a5 17. g5 Nh5 18. g6 b4 19. gxf7+ Kxf7 20. axb4 axb4 21. Ne2 Qa5 22. Nf4 Nxf4 23. Qxf4+ Bf6 24. Bxf6 gxf6 25. Bxe6+ Ke8 26. Bxc8 1-0


[Site "https://www.chess.com"]

[Event "Titled Tuesday Blitz May 24 Late 2022"]
[White "Mikhalsky, Vladimir"]
[Black "Yaksin, Oleg"]
[WhiteFideId "14144352"]
[BlackFideId "24105880"]
[WhiteElo "2301"]
[BlackElo "2256"]
[Result "0-1"]
[Round "05"]
[TimeControl "180+1"]
[Date "2022.05.25"]
[WhiteClock "0:00:39"]
[BlackClock "0:00:08"]

1. d4 Nf6 2. c4 e6 3. Nf3 b6 4. g3 Bb7 5. Bg2 Be7 6. O-O O-O 7. Nc3 Ne4 8. Qc2 Nxc3 9. Qxc3 Bf6 10. Re1 c5 11. e4 cxd4 12. Nxd4 d6 13. e5 dxe5 14. Bxb7 exd4 15. Qf3 Nd7 16. Bxa8 Qxa8 17. Qxa8 Rxa8 18. b3 Ne5 19. Rd1 Nc6 20. Bb2 Rd8 21. f4 e5 22. fxe5 Bxe5 23. Kg2 f6 24. a3 a5 25. Rd3 Kf7 26. Re1 h5 27. Kf3 Ke6 28. h3 f5 29. Bc1 Kf7 30. Bf4 Bf6 31. Bc7 Rd7 32. Bxb6 Ne5+ 33. Rxe5 Bxe5 34. Bxa5 Ra7 35. b4 g5 36. g4 hxg4+ 37. hxg4 Ke6 38. Bb6 Ra6 39. c5 Kd5 40. gxf5 Kc4 41. Ke4 Bf6 42. Bc7 Ra8 43. Rd1 Re8+ 44. Kf3 d3 45. Bd6 Kc3 46. c6 Kc2 47. Rh1 d2 48. b5 Re1 49. c7 d1=Q+ 50. Kg2 Qe2+ 51. Kg3 Qd3+ 52. Kg4 Qe2+ 53. Kg3 Be5+ 54. Bxe5 Qxe5+ 55. Kg4 Qf4+ 56. Kh5 Rxh1+ 57. Kg6 Qxc7 0-1


[Site "https://www.chess.com"]

[Event "Titled Tuesday Blitz May 24 Late 2022"]
[White "Miszler, Levente"]
[Black "Milchev, Nikolay"]
[WhiteFideId "763276"]
[BlackFideId "2906090"]
[WhiteElo "1966"]
[BlackElo "2449"]
[Result "1-0"]
[Round "05"]
[TimeControl "180+1"]
[Date "2022.05.25"]
[WhiteClock "0:00:12"]
[BlackClock "0:01:35"]

1. Nf3 Nf6 2. c4 g6 3. g3 Bg7 4. Bg2 O-O 5. O-O d6 6. Nc3 Nc6 7. d3 a6 8. Rb1 Rb8 9. b4 b5 10. cxb5 axb5 11. a4 bxa4 12. b5 Na5 13. Qxa4 Nb7 14. Qa7 Bd7 15. Nd4 Nc5 16. Nc6 Bxc6 17. Bxc6 Nfd7 18. Nd5 Rc8 19. Bg5 Nf6 20. d4 Nce4 21. Nxf6+ Nxf6 22. Rfc1 h6 23. Bd2 e6 24. Ba5 Qe7 25. b6 Ne8 26. b7 Rd8 27. b8=Q Rxb8 28. Rxb8 Nf6 29. Qxc7 Nd7 30. Rxf8+ Qxf8 31. Qxd7 Qb8 32. Qe8+ Qxe8 33. Bxe8 Bxd4 34. Rc7 f5 35. Bf7+ Kf8 36. Bxe6 Be5 37. Bb4 g5 38. e3 g4 39. Rd7 Ke8 40. Bxd6 Bf6 41. Bxf5 h5 42. Ra7 h4 43. Bg6+ Kd8 44. gxh4 Bxh4 45. Bf5 g3 46. Ra8# 1-0


[Site "https://www.chess.com"]

[Event "Titled Tuesday Blitz May 24 Late 2022"]
[White "Moral Garcia, Serafin"]
[Black "Sapunov, Evgeny"]
[WhiteFideId "2201925"]
[BlackFideId "4126661"]
[WhiteElo "2228"]
[BlackElo "2470"]
[Result "0-1"]
[Round "05"]
[TimeControl "180+1"]
[Date "2022.05.25"]
[WhiteClock "0:00:17"]
[BlackClock "0:00:28"]

1. e4 c5 2. Nf3 d6 3. d4 cxd4 4. Nxd4 Nf6 5. Nc3 Nc6 6. Bg5 e6 7. Qd2 a6 8. O-O-O h6 9. Be3 Nxd4 10. Qxd4 Be7 11. f3 b5 12. Kb1 O-O 13. g4 e5 14. Qd2 Be6 15. h4 b4 16. Nd5 Bxd5 17. exd5 a5 18. g5 Nh5 19. Bh3 g6 20. Bg4 Nf4 21. Bxf4 exf4 22. Qxf4 h5 23. Bh3 Re8 24. Rhe1 Bf8 25. Qd2 Bg7 26. f4 Qb6 27. f5 Bc3 28. Rxe8+ Rxe8 29. Qf4 Be5 30. Qe4 Kg7 31. Rf1 Qd4 32. f6+ Kf8 33. Qxd4 Bxd4 34. Kc1 Re4 35. b3 Bc3 36. Kd1 Rxh4 37. Bd7 Rh2 38. Rf3 Rd2+ 39. Kc1 Rxd5 40. Rf2 Rxg5 41. Re2 Re5 42. Rf2 Re1# 0-1


[Site "https://www.chess.com"]

[Event "Titled Tuesday Blitz May 24 Late 2022"]
[White "Motylev, Alexander"]
[Black "Romero Ruscalleda, Josep"]
[WhiteFideId "4121830"]
[BlackFideId "2231859"]
[WhiteElo "2470"]
[BlackElo "2318"]
[Result "1-0"]
[Round "05"]
[TimeControl "180+1"]
[Date "2022.05.25"]
[WhiteClock "0:01:05"]
[BlackClock "0:00:23"]

1. d4 g6 2. e4 Bg7 3. Nc3 d6 4. g4 Nd7 5. h4 c5 6. Be3 Qb6 7. Nd5 Qa5+ 8. c3 e6 9. b4 cxb4 10. cxb4 Qd8 11. Nc3 h5 12. gxh5 Rxh5 13. Nf3 Ngf6 14. Be2 Ng4 15. Bf4 e5 16. Bg3 Qb6 17. Nd5 Qd8 18. Rc1 Rb8 19. Nh2 Nxh2 20. Bxh5 gxh5 21. Qxh5 Nf6 22. Nxf6+ Qxf6 23. Rxh2 exd4 24. Qg5 Be6 25. Bxd6 Rd8 26. e5 Qf3 27. Qe7# 1-0


[Site "https://www.chess.com"]

[Event "Titled Tuesday Blitz May 24 Late 2022"]
[White "Novikova, Galina"]
[Black "Burke, Paul"]
[WhiteFideId "4157095"]
[BlackFideId "2605767"]
[WhiteElo "1863"]
[BlackElo "1845"]
[Result "1-0"]
[Round "05"]
[TimeControl "180+1"]
[Date "2022.05.25"]
[WhiteClock "0:01:43"]
[BlackClock "0:00:44"]

1. e4 e5 2. Nf3 Nc6 3. d4 exd4 4. Nxd4 Be7 5. c4 d6 6. Nc3 Nf6 7. Be3 O-O 8. Be2 Nxd4 9. Bxd4 c6 10. O-O Be6 11. Bf3 Nd7 12. b3 Ne5 13. Be2 c5 14. Be3 Nc6 15. Qd2 f5 16. Rad1 Qa5 17. Nd5 Qxd2 18. Nxe7+ Nxe7 19. Rxd2 f4 20. Rxd6 fxe3 21. Rxe6 exf2+ 22. Rxf2 Rxf2 23. Kxf2 Nc6 24. Bg4 Rd8 25. Ke3 Kf7 26. h4 h5 27. Bh3 Nd4 28. Re5 Nc2+ 29. Kf4 Rd2 30. Rxc5 Nd4 31. Rc7+ Kf8 32. Rxb7 Rxa2 33. e5 Ne2+ 34. Kg5 1-0


[Site "https://www.chess.com"]

[Event "Titled Tuesday Blitz May 24 Late 2022"]
[White "O`Gorman, Tom"]
[Black "Petrovic, Aleksa"]
[WhiteFideId "2508249"]
[BlackFideId "967629"]
[WhiteElo "2247"]
[BlackElo "2144"]
[Result "1-0"]
[Round "05"]
[TimeControl "180+1"]
[Date "2022.05.25"]
[WhiteClock "0:00:15"]
[BlackClock "0:00:06"]

1. c4 e6 2. d4 Nf6 3. Nc3 Bb4 4. f3 d5 5. a3 Bxc3+ 6. bxc3 c5 7. cxd5 Nxd5 8. dxc5 Qa5 9. e4 Nf6 10. Be3 O-O 11. Kf2 Nc6 12. Qb3 Ne5 13. Qb4 Qc7 14. Rd1 Bd7 15. Nh3 Rfc8 16. Be2 Be8 17. Rb1 Rab8 18. Rhd1 Ned7 19. Qd4 Qxc5 20. Rb5 Qxa3 21. Qxa7 Qxa7 22. Bxa7 Ra8 23. Rxb7 Rxc3 24. Bd4 Nc5 25. Bxc3 Nxb7 26. Nf4 Nd7 27. Nh5 f6 28. Nf4 Ndc5 29. Bc4 Kf7 30. Rb1 Ra4 31. Bxe6+ Nxe6 32. Rxb7+ Bd7 33. Rxd7+ Ke8 34. Nxe6 Ra2+ 35. Rd2 1-0


[Site "https://www.chess.com"]

[Event "Titled Tuesday Blitz May 24 Late 2022"]
[White "Olafsson, Helgi"]
[Black "Bluebaum, Matthias"]
[WhiteFideId "2300010"]
[BlackFideId "24651516"]
[WhiteElo "2463"]
[BlackElo "2556"]
[Result "0-1"]
[Round "05"]
[TimeControl "180+1"]
[Date "2022.05.24"]
[WhiteClock "0:00:15"]
[BlackClock "0:00:15"]

1. Nf3 d5 2. g3 b6 3. Bg2 Bb7 4. O-O e6 5. b3 Nf6 6. Bb2 Be7 7. c4 dxc4 8. bxc4 c5 9. d3 O-O 10. Nbd2 Nc6 11. Rb1 Qc7 12. e3 Rad8 13. Qe2 Nb4 14. d4 cxd4 15. exd4 Nc6 16. Rfd1 Rfe8 17. Rbc1 Bf8 18. Nf1 Ne7 19. Ne3 Ng6 20. d5 e5 21. h4 Bc5 22. Ng5 h6 23. h5 Nf8 24. Ne4 Nxe4 25. Bxe4 Nd7 26. Ng4 Qd6 27. Qf3 Bc8 28. Bf5 Nf6 29. Bxc8 Rxc8 30. Nxf6+ Qxf6 31. Qxf6 gxf6 32. g4 f5 33. gxf5 Kg7 34. d6 Rcd8 35. Rd5 Kf6 36. Re1 Bxd6 37. f4 Bc5+ 38. Kg2 Rxd5 39. cxd5 Kxf5 40. fxe5 Rg8+ 41. Kf3 Rd8 42. d6 Ke6 43. Ke4 Rg8 44. Rf1 Rg4+ 45. Kd3 f5 46. exf6 Bxd6 47. f7 Bf8 48. Rf6+ Ke7 49. Rf3 Kd7 50. Bd4 Rg5 51. Be3 Rxh5 52. Ke4 Ke6 53. Bd4 Rh4+ 54. Kd3 h5 55. Rf6+ Kd7 56. Rf3 Rg4 57. Bb2 h4 58. Bf6 Ke6 59. Bd4 Rg3 60. Ke4 Rxf3 61. Kxf3 Kxf7 62. Kg4 Be7 0-1


[Site "https://www.chess.com"]

[Event "Titled Tuesday Blitz May 24 Late 2022"]
[White "Oparin, Grigoriy"]
[Black "Griffith, Kyron"]
[WhiteFideId "24125890"]
[BlackFideId "2046318"]
[WhiteElo "2665"]
[BlackElo "2232"]
[Result "1/2-1/2"]
[Round "05"]
[TimeControl "180+1"]
[Date "2022.05.24"]
[WhiteClock "0:00:13"]
[BlackClock "0:00:14"]

1. c4 Nf6 2. Nf3 g6 3. g3 Bg7 4. Bg2 O-O 5. Nc3 d6 6. d4 c6 7. O-O Qa5 8. e4 e5 9. d5 cxd5 10. cxd5 b5 11. Re1 b4 12. Nb1 Nbd7 13. Bg5 Nc5 14. Nbd2 Ba6 15. Bxf6 Bxf6 16. Bf1 Rfc8 17. Nc4 Bxc4 18. Bxc4 Na4 19. Qe2 Nxb2 20. Bb5 Na4 21. Bc6 Rab8 22. Qc4 Qc5 23. Rec1 Qxc4 24. Rxc4 Nc3 25. a3 a5 26. axb4 axb4 27. Kf1 Bd8 28. Ne1 Bb6 29. Rxb4 Bd4 30. Rxb8 Rxb8 31. Nf3 Nxe4 32. Nxd4 exd4 33. Rd1 Rb2 34. Rxd4 Nxf2 35. Bd7 h5 36. Kg1 f5 37. Ra4 Ng4 38. Ra6 Nxh2 39. Rxd6 Nf3+ 40. Kf1 Kf7 41. Ra6 Ne5 42. Be6+ Kf6 43. Bc8+ Kg5 44. d6 Rd2 45. Ke1 Nf3+ 46. Kf1 Kg4 47. d7 Kxg3 48. Rxg6+ Kf4 49. Rg8 Nh2+ 50. Ke1 Nf3+ 51. Kf1 Nh2+ 52. Ke1 Nf3+ 53. Kf1 1/2-1/2


[Site "https://www.chess.com"]

[Event "Titled Tuesday Blitz May 24 Late 2022"]
[White "Papasimakopoulos, Alexandros"]
[Black "Gurevich, Dmitry"]
[WhiteFideId "4244125"]
[BlackFideId "2000407"]
[WhiteElo "2340"]
[BlackElo "2506"]
[Result "1/2-1/2"]
[Round "05"]
[TimeControl "180+1"]
[Date "2022.05.24"]
[WhiteClock "0:00:14"]
[BlackClock "0:00:03"]

1. d4 Nf6 2. c4 a6 3. Nc3 c5 4. Nf3 cxd4 5. Nxd4 d5 6. cxd5 Nxd5 7. Nf3 Nxc3 8. Qxd8+ Kxd8 9. bxc3 f6 10. e4 e5 11. Be3 Be6 12. Bb6+ Kc8 13. Nd2 Nd7 14. Be3 Bc5 15. Bc4 Bxc4 16. Nxc4 Kc7 17. O-O-O b5 18. Nd2 Bxe3 19. fxe3 Nc5 20. Kc2 Rad8 21. g4 h5 22. h3 g5 23. Rdf1 Rxd2+ 24. Kxd2 Nxe4+ 25. Kd3 Ng3 26. Rhg1 Rd8+ 27. Kc2 Nxf1 28. Rxf1 hxg4 29. hxg4 Rd6 30. Rh1 Kc6 31. e4 Kc5 32. Rh8 Rc6 33. Kb3 a5 34. Rd8 a4+ 35. Kc2 Kc4 36. a3 Kc5 37. Rd5+ Kb6 38. Rd7 Rc4 39. Kd3 Rc6 40. Rf7 Kc5 41. Kc2 Rd6 42. Rc7+ Kb6 43. Rf7 Kc6 44. Re7 Kc5 45. Rf7 Kc6 46. Re7 Rd8 47. Re6+ Kc5 48. Rxf6 Rh8 49. Rf5 Rh2+ 50. Kd3 Rh3+ 51. Kd2 Kc4 52. Rxe5 Rd3+ 53. Ke2 Rxc3 54. Rxg5 Rxa3 55. e5 Kd4 56. e6 Re3+ 57. Kd2 Rxe6 58. Rxb5 Ra6 59. Kc2 a3 60. Kb1 a2+ 61. Ka1 Rg6 62. g5 Ke4 63. Kxa2 Kf4 64. Rb4+ Kxg5 65. Kb3 Kh6 66. Rb5 Rd6 67. Kc4 Kg6 68. Kc5 Rd1 69. Rb4 Kf6 70. Rd4 Rxd4 71. Kxd4 1/2-1/2


[Site "https://www.chess.com"]

[Event "Titled Tuesday Blitz May 24 Late 2022"]
[White "Pershin, Denis"]
[Black "Jacobson, Brandon"]
[WhiteFideId "24165506"]
[BlackFideId "30901561"]
[WhiteElo "2275"]
[BlackElo "2362"]
[Result "0-1"]
[Round "05"]
[TimeControl "180+1"]
[Date "2022.05.24"]
[WhiteClock "0:01:10"]
[BlackClock "0:02:31"]

1. d4 Nf6 2. Nc3 d5 3. Bf4 c5 4. e3 cxd4 5. exd4 Bg4 6. f3 Bd7 7. Nb5 Bxb5 8. Bxb5+ Nc6 9. c3 e6 10. Ne2 Bd6 11. Qd2 Bxf4 12. Nxf4 O-O 13. O-O Qb6 14. Kh1 Qxb5 15. Nd3 Qb6 16. g4 Qc7 17. Rg1 e5 18. g5 Nh5 19. Rae1 exd4 20. f4 dxc3 21. bxc3 Rfe8 22. Ref1 Re4 23. f5 Rae8 24. Rf2 Ne5 25. g6 hxg6 26. fxg6 Nxg6 27. Nb4 Rxb4 28. cxb4 d4 29. Qg5 Nhf4 30. h4 Nh3 31. Qg3 Qxg3 32. Rxg3 Nxf2+ 33. Kg2 Ne4 34. Rc3 dxc3 0-1


[Site "https://www.chess.com"]

[Event "Titled Tuesday Blitz May 24 Late 2022"]
[White "Pesotskiy, Mikhail"]
[Black "Zamorano, Jorge"]
[WhiteFideId "34164453"]
[BlackFideId "173770"]
[WhiteElo "2010"]
[BlackElo "2331"]
[Result "1/2-1/2"]
[Round "05"]
[TimeControl "180+1"]
[Date "2022.05.25"]
[WhiteClock "0:00:08"]
[BlackClock "0:00:03"]

1. c4 Nf6 2. g3 g6 3. Bg2 Bg7 4. Nf3 O-O 5. O-O d6 6. Nc3 Nc6 7. d3 Nh5 8. Rb1 f5 9. Bd2 a5 10. a3 f4 11. b4 axb4 12. axb4 Bg4 13. b5 Nd4 14. Nd5 Bxf3 15. Bxf3 Nxf3+ 16. exf3 e5 17. Kg2 Nf6 18. Nxf6+ Qxf6 19. Bc3 Ra2 20. Ra1 Rxa1 21. Bxa1 h5 22. Bc3 g5 23. Qe2 g4 24. Qe4 b6 25. fxg4 hxg4 26. f3 Qg5 27. Bd2 Qh5 28. gxf4 Qh3+ 29. Kg1 g3 30. hxg3 Qxg3+ 31. Kh1 Qh3+ 32. Kg1 Qg3+ 33. Kh1 Qh3+ 34. Kg1 Rf5 35. Kf2 exf4 36. Rg1 Qh4+ 37. Kf1 Qh3+ 38. Kf2 Qh4+ 39. Kf1 Qh3+ 40. Kf2 1/2-1/2


[Site "https://www.chess.com"]

[Event "Titled Tuesday Blitz May 24 Late 2022"]
[White "Petrova, Irina"]
[Black "Halak, Miklos"]
[WhiteFideId "14124122"]
[BlackFideId "726400"]
[WhiteElo "1993"]
[BlackElo "2197"]
[Result "0-1"]
[Round "05"]
[TimeControl "180+1"]
[Date "2022.05.25"]
[WhiteClock "0:00:07"]
[BlackClock "0:00:35"]

1. e4 e5 2. Nf3 Nc6 3. Bb5 a6 4. Ba4 b5 5. Bb3 Na5 6. O-O d6 7. d4 exd4 8. Nxd4 Bb7 9. Bd2 c5 10. Bd5 Bxd5 11. exd5 cxd4 12. Qe1+ Be7 13. Bxa5 Qc8 14. Qd1 Qc5 15. a3 Qxd5 16. Nc3 Qc4 17. Ne2 d3 18. cxd3 Qg4 19. Bc3 Nf6 20. Re1 O-O 21. Ng3 Qxd1 22. Raxd1 Nd5 23. Nf5 Bf6 24. Bxf6 Nxf6 25. Nxd6 Rfd8 26. Ne4 Nd5 27. d4 a5 28. Nc5 b4 29. a4 g6 30. g3 Rab8 31. Kg2 b3 32. Kf3 Rb4 33. Rd3 Nf6 34. Red1 Rd5 35. Rxb3 Rbxd4 36. Rxd4 Rxd4 37. Rb5 g5 38. Rxa5 g4+ 39. Kg2 Rd2 40. Rb5 Nd5 41. a5 Ne3+ 42. Kg1 Rd1# 0-1


[Site "https://www.chess.com"]

[Event "Titled Tuesday Blitz May 24 Late 2022"]
[White "Pranav, V"]
[Black "Jia, Haoxiang"]
[WhiteFideId "25060783"]
[BlackFideId "8602999"]
[WhiteElo "2349"]
[BlackElo "2625"]
[Result "0-1"]
[Round "05"]
[TimeControl "180+1"]
[Date "2022.05.24"]
[WhiteClock "0:00:02"]
[BlackClock "0:00:12"]

1. e4 c5 2. Nf3 d6 3. Bb5+ Bd7 4. Bxd7+ Qxd7 5. O-O Nf6 6. Re1 e6 7. c3 Be7 8. d4 cxd4 9. cxd4 d5 10. e5 Ne4 11. Nbd2 Nxd2 12. Bxd2 O-O 13. h4 Rc8 14. h5 h6 15. Nh2 Bf8 16. Qg4 Kh8 17. Re3 Rc2 18. Nf1 Rxb2 19. Rg3 Rxd2 20. Nxd2 Nc6 21. Rf3 Rc8 22. Nb3 b6 23. Nc1 Nb4 24. Ne2 Rc2 25. Nf4 Kg8 26. a3 Nc6 27. Rd1 Rc4 28. Rfd3 b5 29. Qe2 a5 30. Qb2 b4 31. axb4 axb4 32. Ne2 Qd8 33. Rg3 Qh4 34. Rh3 Qg4 35. Qd2 Be7 36. Rg3 Qxh5 37. Ra1 Bg5 38. Ra8+ Kh7 39. Qd3+ Qg6 40. Qxg6+ fxg6 41. f4 Bh4 42. Rh3 Be1 43. Ra6 Nxd4 44. Nxd4 Rxd4 45. Rxe6 Rxf4 46. Re8 Re4 47. e6 g5 48. Kf1 Bc3 49. Rf3 Kg6 50. Rf7 Bf6 51. Rb7 g4 52. Reb8 Rxe6 53. Rxb4 h5 54. R8b6 Re3 55. Rd6 Rd3 56. Ke2 Rg3 57. Kf2 Rd3 58. Ke2 Ra3 59. Rxd5 Ra2+ 60. Kf1 g3 61. Rd3 h4 62. Rg4+ Kh5 63. Rf4 Kg5 64. Rff3 Ra1+ 65. Ke2 Rg1 66. Rd5+ Kg6 67. Rf4 Rxg2+ 68. Kf1 Rh2 69. Kg1 Ra2 70. Rf3 Kh7 71. Rh5+ Kg6 72. Rd5 Rb2 73. Rc5 Bd4+ 74. Kh1 Bxc5 75. Rxg3+ Kf5 76. Rg5+ Kf4 77. Rf5+ Kg4 78. Rg5+ Kf3 79. Rf5+ Ke4 80. Re5+ Kd4 81. Rd5+ Kc4 82. Rh5 Rb1+ 83. Kh2 Bf2 84. Rg5 Bg3+ 85. Kg2 Rb2+ 86. Kh3 Rh2+ 87. Kg4 Rg2 88. Kh3 Rg1 89. Rxg7 Kd4 90. Rg8 Ke3 91. Rf8 Bf4 92. Ra8 Kf3 93. Ra3+ Be3 94. Kh2 Rg2+ 95. Kh1 Rg3 96. Kh2 Rg4 97. Ra8 Bf4+ 98. Kh1 h3 99. Ra3+ Be3 100. Ra8 Rd4 101. Rf8+ Bf4 102. Rh8 Rd1# 0-1


[Site "https://www.chess.com"]

[Event "Titled Tuesday Blitz May 24 Late 2022"]
[White "Prieto Aranguren, Alain"]
[Black "Koutlas, Nikolaos"]
[WhiteFideId "2268906"]
[BlackFideId "25827138"]
[WhiteElo "2235"]
[BlackElo "1645"]
[Result "0-1"]
[Round "05"]
[TimeControl "180+1"]
[Date "2022.05.25"]
[WhiteClock "0:01:26"]
[BlackClock "0:01:03"]

1. d4 e6 2. e4 d5 3. exd5 exd5 4. Bd3 c5 5. dxc5 Bxc5 6. Nf3 Nf6 7. O-O O-O 8. Nbd2 Qd6 9. Nb3 Bb6 10. Bg5 Nc6 11. c3 Re8 12. Qc2 h6 13. Bh4 Bg4 14. Nfd4 Rac8 15. Nxc6 bxc6 16. Rfe1 c5 17. c4 d4 18. Nd2 Ba5 19. Rxe8+ Rxe8 20. f3 Qf4 21. Bxf6 Bxd2 22. fxg4 Qe3+ 23. Kf1 gxf6 24. Be2 Qxe2+ 0-1


[Site "https://www.chess.com"]